 Dungeon Crawl Stone Soup version 0.28.0-43-g3370ac3207 (webtiles) character file.

Game seed: 15042423929418624423

278 xzight the Shield-Bearer (level 6, -9/39 HPs)
             Began as a Gargoyle Fighter on Mar 14, 2022.
             Killed from afar by Ijyb (24 damage)
             ... with a bolt of acid
             ... on level 3 of the Dungeon.
             The game lasted 00:07:00 (2745 turns).

xzight the Shield-Bearer (Gargoyle Fighter)         Turns: 2745, Time: 00:07:00

Health: -9/39      AC: 15    Str: 22    XL:     6   Next: 26%
Magic:  6/6        EV:  6    Int:  8    God:
Gold:   46         SH:  5    Dex: 12    Spells: 5/5 levels left

rFire   . . .      SeeInvis .   a - +0 war axe
rCold   . . .      Faith    .   c - +0 buckler
rNeg    + . .      Spirit   .   f - +0 plate armour
rPois   ∞          Reflect  .   (no helmet)
rElec   +          Harm     .   (no cloak)
rCorr   .          Rampage  .   g - +2 pair of gloves {Dex+3}
Will    .....                   (no boots)
Stlth   ..........              (no amulet)
HPRegen 0.13/turn               (no ring)
MPRegen 0.10/turn               (no ring)

@: about to teleport, corroded
A: sickness immunity, AC +4, negative energy resistance 1, electricity
resistance, torment resistance 1, petrification resistance
a: no special abilities


You were on level 3 of the Dungeon.
You visited 1 branch of the dungeon, and saw 3 of its levels.
You also visited: Sewer.

You collected 123 gold pieces.
You spent 77 gold pieces at shops.


Innate Abilities, Weirdness & Mutations

You are immune to sickness and miasma.
Your stone body is resilient. (AC +4)
You are immune to poison.
You resist negative energy. (rN+)
You are resistant to electric shocks. (rElec)
You are resistant to unholy torment.
You are immune to petrification.


   Skills:
 + Level 4.4 Fighting
 * Level 3.8 Axes
 + Level 4.4 Armour
 + Level 4.4 Shields


You had 5 spell levels left.
You didn't know any spells.
Your spell library was empty.

Inventory:

Hand Weapons
 a - a +0 war axe (weapon)
Armour
 c - a +0 buckler (worn)
 f - a +0 plate armour (worn)
 g - a +2 pair of gloves of dexterity (worn)
Scrolls
 b - a scroll of holy word
 h - 2 scrolls of enchant armour
 i - a scroll of blinking {unknown}
 j - a scroll of teleportation {@r2}
 k - a scroll of vulnerability {unknown}
 o - a scroll of fear {unknown}
 p - a scroll of magic mapping {unknown}
 q - a scroll of amnesia {unknown}
Potions
 d - a potion of might
 m - a potion of cancellation
 n - a potion of haste {unknown}
 r - a potion of heal wounds {unknown}

Dungeon Overview and Level Annotations

Branches:
Dungeon (3/15)              Sewer (visited)

Altars:
Ashenzari

Shops:
D:1 [   D:2 ?

Annotations:
D:3 Ijyb

#........'.........+
..........
#.#...####.........#
#>......## ###.##.##
##†......# ###...###
........# ##.....##
#.### ###...#.#
##...## #. # #.>.#.#
##'## # # #...#.#
#.# ####.##.# #.#
........# #@#
####.##########.gS#
#........(#.....#
#..######.##...##
#..#### #.#.....
#.....# #.#.#.#..
##.##.▒ ▒▒▒'▒▒▒▒▒
#.###▒ .≈ #....▒


You could see Ijyb and an adder.


Message History

Ijyb shouts!
There is an open door here.
Ijyb zaps a wand.
The bolt of acid hits you!
An adder comes into view.
Ijyb hits you but does no damage.
You closely miss Ijyb. Ijyb hits you but does no damage.
You barely miss Ijyb. Ijyb hits you with a +0 dagger.
You barely miss Ijyb. Ijyb hits you but does no damage.
The adder bites you but does no damage. You block Ijyb's attack.
You hit Ijyb but do no damage. You hit the adder. You block the adder's attack.
Ijyb zaps a wand.
The bolt of acid hits you.
* * * LOW HITPOINT WARNING * * *
The acid corrodes you! The adder barely misses you.
You hit Ijyb but do no damage. You closely miss the adder.
The adder bites you but does no damage. Ijyb hits you but does no damage.
You hit Ijyb.
Ijyb is lightly wounded.
You miss the adder. The adder bites you.
* * * LOW HITPOINT WARNING * * *
Ijyb hits you with a +0 dagger.
* * * LOW HITPOINT WARNING * * *
The adder bites you but does no damage. Ijyb hits you with a +0 dagger.
* * * LOW HITPOINT WARNING * * *
You feel better. The adder bites you but does no damage.
You block Ijyb's attack.
As you read the scroll of teleportation {@r2}, it crumbles to dust.
You feel strangely unstable. The adder completely misses you.
The adder barely misses you.
Ijyb zaps a wand.
The bolt of acid hits you!!
Ouch! That really hurt!
You die...

Skill      XL: |  1  2  3  4 |
---------------+-------------+-----
Axes           | 2 3 |  3.8
Shields        | 4 |  4.4
Fighting       | 4 |  4.4
Armour         | 4 |  4.4

Action                   |  1- 3 |  4- 6 || total
-------------------------+-------+-------++-------
Melee: War axe           |   105 |   131 ||   236
  Use: Scroll            |     2 |     5 ||     7
       Potion            |       |     1 ||     1
Armor: Scale mail        |    70 |       ||    70
       Plate armour      |       |   105 ||   105
Dodge: Dodged            |    54 |    39 ||    93
Block: Buckler           |    31 |    35 ||    66

Levels and vault maps discovered:
D:1:      dpeg_arrival_round_c, layout_basic, serial_forest,
          infiniplex_forest_lined_4_way, infiniplex_forest_clump_long,
          infiniplex_forest_zigzag_2, infiniplex_forest_zigzag_1,
          infiniplex_forest_clump_double, infiniplex_forest_straight_2,
          infiniplex_forest_clump_cross, infiniplex_forest_diagonal,
          serial_shops, nicolae_shop_behind_doors
D:2:      layout_rooms, serial_shops, shop
D:3:      layout_loops_corners, evilmike_ruin_ashenzari, portal_sewer_entry_b,
          shapermc_ecumenical_altar_notcrosses, uniq_natasha, uniq_ijyb,
          uniq_grinder

Notes
Turn   | Place    | Note
-------+----------+-------------------------------------------
     0 | D:1      | xzight the Gargoyle Fighter began the quest for the Orb.
     0 | D:1      | Reached XP level 1. HP: 14/14 MP: 1/1
    42 | D:1      | Reached skill level 2 in Axes
    50 | D:1      | Reached XP level 2. HP: 13/19 MP: 2/2
   500 | D:1      | Reached XP level 3. HP: 22/23 MP: 3/3
   857 | D:1      | Found Teros's Antique Armour Boutique.
  1246 | D:2      | Reached XP level 4. HP: 29/29 MP: 4/4
  1374 | D:2      | Found Enki's Magic Scroll Shoppe.
  1390 | D:2      | Bought a scroll of identify for 22 gold pieces
  1390 | D:2      | Bought a scroll of teleportation for 33 gold pieces
  1390 | D:2      | Bought a scroll of identify for 22 gold pieces
  1423 | D:2      | Reached skill level 3 in Axes
  1427 | D:2      | Reached skill level 4 in Shields
  1738 | D:3      | Found a broken altar of Ashenzari.
  1754 | D:3      | Reached skill level 4 in Fighting
  1754 | D:3      | Reached skill level 4 in Armour
  1754 | D:3      | Reached XP level 5. HP: 13/33 MP: 5/5
  1968 | D:3      | Found a glowing drain.
  1984 | Sewer    | Entered a sewer
  2430 | D:3      | Noticed Natasha
  2437 | D:3      | Killed Natasha
  2599 | D:3      | Reached XP level 6. HP: 38/39 MP: 6/6
  2723 | D:3      | Noticed Natasha
  2728 | D:3      | Killed Natasha
  2734 | D:3      | Noticed Ijyb
  2743 | D:3      | HP: 3/39 [Ijyb/+0 dagger (5)]
  2745 | D:3      | Killed from afar by Ijyb

Vanquished Creatures
  An orc priest (D:3)
  An iguana (D:3)
  Natasha (twice) (D:3)
  A hell rat (Sewer)
  4 adders (D:2)
  2 river rats (Sewer)
  6 dart slugs
  3 orcs (D:3)
  4 bats
  3 endoplasms
  6 giant cockroaches
  10 goblins
  5 hobgoblins
  3 jackals (D:1)
  3 quokkas
  10 ball pythons
  3 frilled lizards
  14 rats
81 creatures vanquished.

Vanquished Creatures (others)
  2 plants (D:1)
2 creatures vanquished.

Grand Total: 83 creatures vanquished

Table legend: (Time is in decaauts)
 A = Elapsed time spent in this place.
 B = Non-inter-level travel time spent in this place.
 C = Inter-level travel time spent in this place.
 D = Time resting spent in this place.
 E = Time spent auto-exploring this place.
 F = Levels seen in this place.
 G = Mean time per level.
                   A        B        C        D        E       F      G
               +--------+--------+--------+--------+--------+-----+--------+
         Total |   2859 |   2838 |     21 |    672 |   1533 |   4 |  714.8 |
       Dungeon |   2450 |   2429 |     21 |    385 |   1486 |   3 |  816.7 |
         Sewer |    409 |    409 |      0 |    287 |     47 |   1 |  409.0 |
               +--------+--------+--------+--------+--------+-----+--------+

Top non-repeatable levels by time:
     D:1: 1227 daAuts
     D:3: 669 daAuts
     D:2: 553 daAuts
   Sewer: 409 daAuts

Table legend:
 A = Non-vault XP
 B = Vault XP
 C = Vault XP percentage of total XP
 D = Non-vault monster count
 E = Vault monster count
 F = Vault count percentage of total count
                 A         B        C        D         E       F
            +---------+---------+-------+---------+---------+-------
      Total |     291 |     107 |  26.9 |      68 |      13 |  16.0
            +---------+---------+-------+---------+---------+-------
        D:1 |      62 |       0 |   0.0 |      32 |       0 |   0.0
        D:2 |      93 |       0 |   0.0 |      23 |       0 |   0.0
        D:3 |     136 |      43 |  24.0 |      13 |       6 |  31.6
      Sewer |       0 |      64 | 100.0 |       0 |       7 | 100.0
            +---------+---------+-------+---------+---------+-------
